 Dungeon Crawl Stone Soup version 0.29.0-5-ge4962eb29e (webtiles) character file.

Game seed: 11901068437600708190

218 benadryl the Magician (level 6, -2/45 HPs)
             Began as a Djinni Fire Elementalist on Aug 26, 2022.
             Slain by Pikel
             ... wielding a +2 whip of electrocution
              (14 damage)
             ... on level 4 of the Dungeon on Aug 28, 2022.
             The game lasted 00:10:23 (4205 turns).

benadryl the Magician (Djinni Fire Elementalist)    Turns: 4205, Time: 00:10:24

Health: -2/45      AC:  2    Str:  7    XL:     6   Next: 17%
Gold:   193        EV: 12    Int: 18    God:
                   SH:  0    Dex: 14

rFire   + + .      SeeInvis .   b - +0 short sword
rCold   x . .      Faith    .   (no shield)
rNeg    . . .      Spirit   .   a - +0 robe
rPois   ∞          Reflect  .   (no helmet)
rElec   .          Harm     .   (no cloak)
rCorr   .          Rampage  .   (no gloves)
Will    +....                   (boots unavailable)
Stlth   ++........              (no amulet)
HPRegen 0.15/turn               j - ring of willpower
MPRegen 0.00/turn               l - ring of poison resistance

@: flying, very slightly contaminated
A: sickness immunity, fire resistance 2, cold vulnerability 1, float, innate
caster, HP casting, extra vitality 1
a: no special abilities


You were on level 4 of the Dungeon.
You visited 1 branch of the dungeon, and saw 4 of its levels.

You collected 193 gold pieces.

Inventory:

Hand Weapons
 b - a +0 short sword (weapon)
Armour
 a - a +0 robe (worn)
 q - a +2 leather armour of willpower
Jewellery
 j - a ring of willpower (left hand)
 l - a ring of poison resistance (right hand)
Wands
 o - a wand of charming (12)
 r - a wand of digging (2)
Scrolls
 c - 2 scrolls of magic mapping {unknown}
 f - a scroll of immolation {unknown}
 h - a scroll of amnesia {unknown}
 i - a scroll of brand weapon {unknown}
 m - 2 scrolls of identify {unknown}
 n - a scroll of fog {unknown}
 p - a scroll of vulnerability {unknown}
 t - a scroll of enchant armour {unknown}
 v - a scroll of teleportation {unknown}
Potions
 d - a potion of might {unknown}
 e - a potion of flight {unknown}
 g - a potion of brilliance {unknown}
 k - a potion of curing {unknown}
 s - a potion of mutation {unknown}
 u - 2 potions of ambrosia {unknown}


   Skills:
 + Level 2.9 Fighting
 - Level 2.1 Dodging
 - Level 1.5 Stealth
 * Level 4.3 Spellcasting


You couldn't memorise any spells.
You knew the following spells:

 Your Spells              Type           Power      Damage    Failure   Level
a - Foxfire               Conj/Fire      76%        2x1d7     2%          1
b - Scorch                Fire           38%        2d7       3%          2
c - Conjure Flame         Conj/Fire      19%        6-21      8%          3
d - Inner Flame           Hex/Fire       19%        N/A       8%          3
e - Flame Wave            Conj/Fire      19%        2d7       24%         4
f - Freeze                Ice            76%        1d9       2%          1
g - Passwall              Tmut/Erth      15%        N/A       3%          2
Your spell library was empty.

Dungeon Overview and Level Annotations

Branches:
Dungeon (4/15)
 Temple: D:4-7

Altars:
Uskayaw

Shops:
D:2 (:

Annotations:
D:4 Pikel


Innate Abilities, Weirdness & Mutations

You are immune to sickness and miasma.
You are immune to poison.
Your flesh is very heat resistant. (rF++)
You are vulnerable to cold. (rC-)
You float through the air rather than walking.
You learn spells naturally, not from books.
Your magical power is your life essence.
You have superior vitality. (+4 MHP)


Message History

You kill the ufetubus!
You now have 193 gold pieces (gained 2).
You see here a book of Alchemy.
You reach down and open the door.
Pikel and 4 lemures come into view.
Pikel is wielding a +2 whip of electrocution.
Pikel shouts!
The lemure shouts! x2
Casting: Scorch (safe; 3% risk of failure)
Confirm with . or Enter, or press ? or * to list all spells.
Flames lash Pikel.
Pikel is lightly wounded.
Pikel's fire resistance burns away.
Casting: Scorch (safe; 3% risk of failure)
Confirm with . or Enter, or press ? or * to list all spells.
You conjure some foxfire!
An endoplasm comes into view.
Pikel attacks as you move away! Pikel completely misses you.
Pikel is no longer more vulnerable to fire.
The foxfire hits Pikel.
Pikel is lightly wounded.
The foxfire hits Pikel but does no damage.
Pikel is lightly wounded.
Casting: Foxfire (safe; 2% risk of failure)
Confirm with . or Enter, or press ? or * to list all spells.
You conjure some foxfire!
Pikel hits you with a +2 whip of electrocution.
You are electrocuted!
Casting: Foxfire (safe; 2% risk of failure)
Confirm with . or Enter, or press ? or * to list all spells.
You miscast Scorch.
You are very lightly contaminated with residual magic.
Nothing appears to happen.
The foxfire hits Pikel but does no damage.
Pikel is lightly wounded.
The foxfire hits Pikel but does no damage.
Pikel is lightly wounded.
Pikel hits you with a +2 whip of electrocution!
* * * LOW HITPOINT WARNING * * *
You are electrocuted!
You die...

#.# # #.# .#.# .#J#
.5. .# #5# .# ##'###
.# #.5K.# .
#..@.#######+##
#.#.§...........##
#.#:.............#
#................#
##...............#
##..............#
##+##..........#####
##########.....#
#######.#


You could see Pikel, 3 lemures and an endoplasm.

Vanquished Creatures
  2 orc priests (D:4)
  An iguana (D:3)
  3 adders
  An ufetubus (D:4)
  A worm (D:2)
  A dart slug (D:3)
  13 orcs
  4 endoplasms
  A giant cockroach (D:1)
  6 goblins
  5 hobgoblins
  13 jackals
  6 kobolds
  3 quokkas
  3 ball pythons
  6 bats
  5 frilled lizards
  4 rats
78 creatures vanquished.

Vanquished Creatures (others)
  43 foxfires
43 creatures vanquished.

Grand Total: 121 creatures vanquished

Notes
Turn   | Place    | Note
-------+----------+-------------------------------------------
     0 | D:1      | benadryl the Djinni Fire Elementalist began the quest for
                  | the Orb.
     0 | D:1      | benadryl set off with the following spells memorised:
                  | Foxfire, Scorch, Conjure Flame, Inner Flame, Flame Wave.
     0 | D:1      | Reached XP level 1. HP: 15/15 MP: 0/0
   261 | D:1      | Reached XP level 2. HP: 18/22 MP: 0/0
   390 | D:1      | Reached skill level 1 in Fighting
   661 | D:1      | Reached XP level 3. HP: 25/27 MP: 0/0
   661 | D:1      | Learned a level 1 spell: Freeze
   695 | D:1      | Reached skill level 3 in Spellcasting
  1861 | D:2      | Reached XP level 4. HP: 25/32 MP: 0/0
  1966 | D:2      | Found a faded altar of an unknown god.
  1972 | D:2      | Found Lappodgh's Antique Weapon Shop.
  2130 | D:2      | Found Togukyum's Book Shoppe.
  2837 | D:3      | Found a hide-covered altar of Uskayaw.
  3040 | D:3      | Reached XP level 5. HP: 31/38 MP: 0/0
  3040 | D:3      | Learned a level 2 spell: Passwall
  3044 | D:3      | HP: 1/38 [orc/+0 flail (9)]
  3455 | D:3      | Upgraded the game from 0.29.0-4-gdea44cf6ec to
                  | 0.29.0-5-ge4962eb29e
  3692 | D:4      | Reached skill level 4 in Spellcasting
  3888 | D:4      | Reached XP level 6. HP: 29/45 MP: 0/0
  4200 | D:4      | Noticed Pikel
  4205 | D:4      | Slain by Pikel

Illustrated notes

Levels and vault maps discovered:
D:1:      heliophobic_arrival_henge, layout_basic, minmay_tromino_v4_c
D:2:      minmay_door_path, layout_basic, serial_shops, nicolae_diamond_shop,
          nicolae_shop_window_shopping, ebering_ecumenical_altar_abandoned
D:3:      wander_river, layout_rooms, mainiacjoe_overflow_six_doors_small,
          minmay_cut_off
D:4:      minmay_inner_zag, layout_basic, uniq_edmund, uniq_pikel

Skill      XL: |  1  2  3  4  5 |
---------------+----------------+-----
Fighting       | 1 2 |  2.9
Spellcasting   | 3 4 |  4.3
Dodging        | |  2.1
Stealth        | |  1.5

Action                   |  1- 3 |  4- 6 || total
-------------------------+-------+-------++-------
Melee: Short sword       |    15 |    28 ||    43
       Punch             |       |     1 ||     1
 Cast: Foxfire           |    21 |     8 ||    29
       Scorch            |    20 |    50 ||    70
 Stab: Sleeping          |       |     4 ||     4
       Distracted        |       |     1 ||     1
Armor: Robe              |    10 |    10 ||    20
Dodge: Dodged            |    41 |    30 ||    71
